 Dungeon Crawl Stone Soup version 0.30-a0-297-g0ec75d9ef4 (webtiles) character file.

Game seed: 1482590149920925235

2367 IdlyInterested the Twirler (level 9, 0/65 HPs)
             Began as a Demonspawn Wanderer on Oct 18, 2022.
             Slain by an orc wizard
             ... wielding a +0 dagger
              (1 damage)
             ... on level 7 of the Dungeon.
             The game lasted 00:23:15 (6633 turns).

IdlyInterested the Twirler (Demonspawn Wanderer)    Turns: 6633, Time: 00:23:17

Health: 0/65       AC:  6    Str: 12    XL:     9   Next: 21%
Magic:  0/21       EV: 12    Int: 14    God:
Gold:   265        SH:  0    Dex: 18    Spells: 3/12 levels left

rFire   . . .      SeeInvis .    l - staff of earth
rCold   . . .      Faith    .    (no shield)
rNeg    . . .      Spirit   +    d - +1 robe of the Exiled Ziggurats {rElec rPois Will++ Str-4}
rPois   +          Reflect  .    g - +1 helmet
rElec   +          Harm     .    (no cloak)
rCorr   .          Rampage  .    e - +2 pair of gloves
Will    ++...      Clarity  +    (no boots)
Stlth   ++........               D - amulet "Hyurun" {Spirit *Corrode Dex+7 Slay+2}
HPRegen 0.30/turn                F - ring of magical power
MPRegen 0.34/turn                (no ring)

@: corroded
A: hooves 1, molten scales 1, magic regeneration, clarity, clumsy 1,
deterioration 1, wild magic 1
a: no special abilities


You were on level 7 of the Dungeon.
You visited 2 branches of the dungeon, and saw 8 of its levels.

You collected 265 gold pieces.

Inventory:

Hand Weapons
 a - a +2 hand axe
 i - a +2 hand axe of draining
 n - a +0 rapier
 s - a +0 trident
 t - a +0 hand axe of electrocution
 z - a +0 war axe
 A - the +3 rapier of Awuczo {flame, Str+4 Int+4 Stlth+}
   (You found it on level 5 of the Dungeon)

   It burns those it strikes, dealing additional fire damage.
   Str:       It affects your strength (+4).
   Int:       It affects your intelligence (+4).
   Stlth:     It makes you more stealthy.
Missiles
 f - 72 stones
 r - 5 curare-tipped darts
 u - 2 poisoned darts
 y - 6 boomerangs
Armour
 d - the +1 robe of the Exiled Ziggurats (worn) {rElec rPois Will++ Str-4}
   (You found it on level 4 of the Dungeon)

   Str:       It affects your strength (-4).
   rElec:     It insulates you from electricity.
   rPois:     It protects you from poison.
   Will:      It greatly increases your willpower.
 e - a +2 pair of gloves (worn)
 g - a +1 helmet (worn)
 o - a +0 scale mail
Magical Staves
 l - a staff of earth (weapon)
 v - a staff of cold
Jewellery
 x - an amulet of reflection
 D - the amulet "Hyurun" (around neck) {Spirit *Corrode Dex+7 Slay+2}
   (You found it on level 6 of the Dungeon)

   [amulet of guardian spirit]

   It causes incoming damage to be divided between your reserves of health and
   magic.
   Dex:       It affects your dexterity (+7).
   Slay:      It affects your accuracy & damage with ranged weapons and melee
   (+2).
   *Corrode:  It may corrode you when you take damage.
 F - a ring of magical power (left hand)
Wands
 b - a wand of flame (7)
Scrolls
 q - 6 scrolls of teleportation
 w - a scroll of blinking
 B - a scroll of poison
 C - 3 scrolls of identify
 E - a scroll of noise {unknown}
Potions
 c - 2 potions of mutation
 h - a potion of curing
 j - 2 potions of brilliance
 k - 2 potions of attraction
 m - a potion of haste
 p - a potion of might


   Skills:
 - Level 4.0 Fighting
 - Level 3.0 Axes
 * Level 7.0 Staves
 - Level 1.0 Throwing
 - Level 4.0 Armour
 + Level 1.5 Dodging
 - Level 1.0 Stealth
 - Level 2.0 Spellcasting
 - Level 2.0 Conjurations
 - Level 2.0 Ice Magic
 - Level 4.0 Earth Magic
 * Level 4.2 Evocations


You had 3 spell levels left.
You knew the following spells:

 Your Spells              Type           Power      Damage    Failure   Level
a - Sandblast             Erth           48%        2d12      8%          1
b - Stone Arrow           Conj/Erth      38%        3d9       28%         3
c - Lee's Rapid Deconstr  Erth           12%        3d8*      83%         5

Your spell library contained the following spells:

 Spells                   Type           Power      Damage    Failure   Level
 Kindle Blastsparks       Fire/Tloc/Air  2%         2d10      65%         3
 Summon Guardian Golem    Hex/Summ       1%         N/A       65%         3
 Fulminant Prism          Conj/Hex       2%         3d6       88%         4
 Iskenderun's Mystic Bla  Conj/Tloc      5%         2d3       88%         4
 Orb of Destruction       Conj           4%         9d5       100%        7
 Spellforged Servitor     Conj/Summ      2%         N/A       100%        7


Dungeon Overview and Level Annotations

Branches:
Dungeon (7/15)             Temple (1/1) D:5

Altars:
Ashenzari
Fedhas
Gozag
Nemelex Xobeh
Okawaru
Qazlal
Ru
Vehumet
Wu Jian


Innate Abilities, Weirdness & Mutations

You have large cloven feet.
You are partially covered in molten scales. (AC +2)
You regenerate magic rapidly.
You possess an exceptional clarity of mind.
You are clumsy. (Dex -2)
Your body sometimes deteriorates upon taking damage.
Your spells are a little harder to cast, but a little more powerful.


Message History

Aiming: Sandblast (safe; 8% risk of failure)
Press: ? - help, Q - select action, (/) - cycle Shift-Dir - straight line, f/p - orc warrior
Aim: an orc warrior, wielding a +0 halberd and wearing a +0 plate armour (severely wounded, 83% to hit)
You feel a surge of power!
The blast of sand hits the orc warrior but does no damage.
The orc warrior is severely wounded.
The orc wizard misses you.
The orc warrior hits you from afar with a +0 halberd.
Aiming: Sandblast (safe; 8% risk of failure)
Press: ? - help, Q - select action, (/) - cycle Shift-Dir - straight line, f/p - orc warrior
Aim: an orc warrior, wielding a +0 halberd and wearing a +0 plate armour (severely wounded, 83% to hit)
You feel a surge of power!
The blast of sand hits the orc warrior but does no damage.
The orc warrior is severely wounded.
The orc wizard hits you with a +0 dagger.
The orc warrior hits you from afar with a +0 halberd!
* * * LOW HITPOINT WARNING * * *
The orc warrior hits you from afar with a +0 halberd.
* * * LOW HITPOINT WARNING * * *
The orc wizard points at you and mumbles some strange words.
You resist with almost no effort.
Aiming: Sandblast (safe; 8% risk of failure)
Press: ? - help, Q - select action, (/) - cycle Shift-Dir - straight line, f/p - orc warrior
Aim: an orc warrior, wielding a +0 halberd and wearing a +0 plate armour (severely wounded, 83% to hit)
You feel a surge of power!
The blast of sand hits the orc warrior but does no damage.
The orc warrior is severely wounded.
The orc wizard hits you but does no damage.
The orc warrior hits you but does no damage.
Aiming: Sandblast (safe; 8% risk of failure)
Press: ? - help, Q - select action, (/) - cycle Shift-Dir - straight line, f/p - orc warrior
Aim: an orc warrior, wielding a +0 halberd and wearing a +0 plate armour (severely wounded, 83% to hit)
You feel a surge of power!
The blast of sand misses the orc warrior.
The orc wizard hits you with a +0 dagger.
* * * LOW HITPOINT WARNING * * *
The orc warrior hits you from afar with a +0 halberd!
* * * LOW HITPOINT WARNING * * *
The orc wizard hits you with a +0 dagger.
You die...

# #.#.####
#....<.#
#.#.##@# ..
#o.......
#.
...o..... #
....<....#
#######.###
.# #


You could see an orc warrior and an orc wizard.

Vanquished Creatures
  The ghost of chippings the Poker, a novice MfGl (D:3)
  5 yaks (D:6)
  A water moccasin (D:6)
  An ice beast (D:5)
  A sky beast (D:6)
  3 ogres
  2 bullfrogs
  2 necrophages
  A howler monkey (D:5)
  2 hounds (D:5)
  A jelly (D:4)
  2 orc priests (D:4)
  3 iguanas
  3 orc wizards
  7 gnolls
  9 adders
  2 shadow imps
  A white imp (D:6)
  2 worms
  A dart slug (D:1)
  13 orcs
  6 ball pythons
  5 endoplasms
  4 goblins
  10 hobgoblins
  3 quokkas
  6 bats (D:2)
  A frilled lizard (D:3)
  4 kobolds
  4 rats
106 creatures vanquished.

Vanquished Creatures (others)
  7 fungi (D:2)
  9 plants (D:2)
16 creatures vanquished.

Grand Total: 122 creatures vanquished

Notes
Turn   | Place    | Note
-------+----------+-------------------------------------------
     0 | D:1      | IdlyInterested the Demonspawn Wanderer began the quest for
                  | the Orb.
     0 | D:1      | IdlyInterested set off with the following items: a +2 hand
                  | axe, a wand of flame (7), a potion of mutation, a +0
                  | leather armour; and the following spell memorised:
                  | Sandblast; and the following spells available to memorise:
                  | Stone Arrow.
     0 | D:1      | Reached XP level 1. HP: 13/13 MP: 3/3
    61 | D:1      | Gained mutation: You are weak. (Str -2) [potion of
                  | mutation]
    61 | D:1      | Gained mutation: You occasionally lose the ability to drink
                  | potions when taking damage. [potion of mutation]
    61 | D:1      | Gained mutation: You are partially covered in large bone
                  | plates. (SH +4) [potion of mutation]
    61 | D:1      | Gained mutation: You have a pair of small antennae on your
                  | head. [potion of mutation]
   253 | D:1      | Reached skill level 1 in Fighting
   364 | D:1      | Gained mutation: You have large cloven feet. [demonic
                  | ancestry]
   364 | D:1      | Reached XP level 2. HP: 21/21 MP: 5/5
   842 | D:1      | Lost mutation: You are partially covered in large bone
                  | plates. (SH +4) [potion of mutation]
   842 | D:1      | Lost mutation: You occasionally lose the ability to drink
                  | potions when taking damage. [potion of mutation]
   842 | D:1      | Gained mutation: You are clumsy. (Dex -2) [potion of
                  | mutation]
   842 | D:1      | Gained mutation: You have sharp fingernails. [potion of
                  | mutation]
   842 | D:1      | Gained mutation: You possess an exceptional clarity of
                  | mind. [potion of mutation]
   842 | D:1      | Gained mutation: Your mind is acute. (Int +4, Str/Dex -1)
                  | [potion of mutation]
   929 | D:2      | Reached skill level 1 in Armour
  1014 | D:2      | Gained mutation: You are partially covered in molten
                  | scales. (AC +2) [demonic ancestry]
  1014 | D:2      | Reached XP level 3. HP: 27/27 MP: 6/6
  1483 | D:2      | Found a faded altar of an unknown god.
  1939 | D:2      | Lost mutation: You have sharp fingernails. [potion of
                  | mutation]
  1939 | D:2      | Lost mutation: You are weak. (Str -2) [potion of mutation]
  1939 | D:2      | Gained mutation: You have hidden genetic potential. [potion
                  | of mutation]
  2097 | D:3      | Reached XP level 4. HP: 26/33 MP: 4/7
  2102 | D:3      | Reached skill level 1 in Staves
  2164 | D:3      | Gained mutation: Your muscles are strong. (Str +4, Int/Dex
                  | -1) [hidden potential]
  2438 | D:3      | Learned a level 3 spell: Stone Arrow
  2885 | D:3      | Found a runed translucent door.
  2888 | D:3      | Noticed a bullfrog
  2891 | D:3      | Noticed chippings's ghost (novice MfGl)
  3312 | D:3      | Killed a bullfrog
  3313 | D:3      | Reached skill level 2 in Staves
  3313 | D:3      | Reached XP level 5. HP: 32/38 MP: 5/8
  3314 | D:3      | Gained mutation: You have sharp fingernails. [hidden
                  | potential]
  3314 | D:3      | Lost mutation: You have hidden genetic potential. [hidden
                  | potential expressed]
  3345 | D:3      | Killed chippings's ghost
  3346 | D:3      | Reached skill level 3 in Staves
  3346 | D:3      | Gained mutation: You regenerate magic rapidly. [demonic
                  | ancestry]
  3346 | D:3      | Reached XP level 6. HP: 14/44 MP: 0/9
  3498 | D:3      | Lost mutation: You have sharp fingernails. [potion of
                  | mutation]
  3498 | D:3      | Lost mutation: You have a pair of small antennae on your
                  | head. [potion of mutation]
  3498 | D:3      | Lost mutation: Your muscles are strong. (Str +4, Int/Dex
                  | -1) [potion of mutation]
  3498 | D:3      | Lost mutation: Your mind is acute. (Int +4, Str/Dex -1)
                  | [potion of mutation]
  3498 | D:3      | Gained mutation: Your spells are a little harder to cast,
                  | but a little more powerful. [potion of mutation]
  3498 | D:3      | Gained mutation: Your body sometimes deteriorates upon
                  | taking damage. [potion of mutation]
  3625 | D:4      | Reached XP level 7. HP: 50/50 MP: 7/10
  3724 | D:4      | Identified the +1 robe of the Exiled Ziggurats {rElec rPois
                  | Will++ Str-4}
  3955 | D:4      | Reached skill level 4 in Staves
  4108 | D:4      | Found a radiant altar of Vehumet.
  4465 | D:5      | Entered Level 5 of the Dungeon
  5100 | D:5      | Identified the +3 rapier of Awuczo {flame, Str+4 Int+4
                  | Stlth+}
  5118 | D:5      | Found a staircase to the Ecumenical Temple.
  5148 | D:5      | Reached XP level 8. HP: 42/57 MP: 11/11
  5166 | Temple   | Entered the Ecumenical Temple
  5441 | D:5      | Reached skill level 5 in Staves
  5721 | D:6      | Found an ornate altar of the Wu Jian Council.
  5729 | D:6      | Identified the amulet "Hyurun" {Spirit *Corrode Dex+7
                  | Slay+2}
  5909 | D:6      | Reached skill level 1 in Conjurations
  5959 | D:6      | Reached skill level 6 in Staves
  6038 | D:6      | Learned a level 5 spell: Lee's Rapid Deconstruction
  6148 | D:6      | Reached skill level 1 in Ice Magic
  6152 | D:6      | Reached skill level 1 in Dodging
  6152 | D:6      | Reached XP level 9. HP: 29/65 MP: 5/12
  6162 | D:6      | Reached skill level 7 in Staves
  6292 | D:6      | Found a broken altar of Ashenzari.
  6633 | D:7      | HP: 1/65 [orc warrior/+0 halberd (9)]
  6633 | D:7      | Slain by an orc wizard

Illustrated notes

Levels and vault maps discovered:
D:1:      lightli_arrival_statuegarden, layout_basic
D:2:      layout_basic, shapermc_ecumenical_altar_mp_urbaneastern,
          kennysheep_cross_room, nrook_loot_triangle, minmay_pentomino_v2
D:3:      layout_basic, ebering_ghost_sewer_d
D:4:      layout_basic, kennysheep_mini
D:5:      layout_loops_ring, minmay_temple_entry_crystal_x, grunt_tough_drop
D:6:      layout_cave_pools, mainiacjoe_overflow_catwalk,
          mainiacjoe_overflow_brackets, mainiacjoe_overflow_six_doors_small
D:7:      layout_loops_ring, mainiacjoe_overflow_small_starburst, enter_bailey_3
Temple:   nicolae_temple_two_arcs

Skill      XL: |  1  2  3  4  5  6  7  8  9 |
---------------+----------------------------+-----
Fighting       | 1 2 4 |  4.0
Axes           | 3 |  3.0
Armour         | 1 2 3 4 |  4.0
Earth Magic    | 2 3 4 |  4.0
Staves         | 2 3 4 6 7 |  7.0
Evocations     | 2 3 4 |  4.2
Conjurations   | 2 |  2.0
Ice Magic      | 1 2 |  2.0
Dodging        | 1 |  1.5
Throwing       | |  1.0
Stealth        | |  1.0
Spellcasting   | |  2.0

Action                   |  1- 3 |  4- 6 |  7- 9 || total
-------------------------+-------+-------+-------++-------
Melee: Hand axe          |    51 |       |       ||    51
       Kick              |    11 |    14 |    62 ||    87
       Staff             |    42 |    66 |   197 ||   305
       Punch             |       |     1 |     6 ||     7
 Cast: Sandblast         |    18 |    25 |    56 ||    99
  Use: Potion            |     5 |     5 |     1 ||    11
       Scroll            |     4 |     5 |     3 ||    12
Armor: Leather armour    |     4 |       |       ||     4
       Ring mail         |    32 |    37 |     3 ||    72
       Robe              |       |       |    72 ||    72
Dodge: Dodged            |    49 |    38 |   112 ||   199
Block: Other             |     5 |     9 |    29 ||    43

Table legend: (Time is in decaauts)
 A = Elapsed time spent in this place.
 B = Non-inter-level travel time spent in this place.
 C = Inter-level travel time spent in this place.
 D = Time resting spent in this place.
 E = Time spent auto-exploring this place.
 F = Levels seen in this place.
 G = Mean time per level.
                   A        B        C        D        E       F      G
               +--------+--------+--------+--------+--------+-----+--------+
         Total |   6684 |   5958 |    726 |    719 |   3950 |   8 |  835.5 |
       Dungeon |   6534 |   5808 |    726 |    719 |   3812 |   7 |  933.4 |
        Temple |    149 |    149 |      0 |      0 |    138 |   1 |  149.0 |
               +--------+--------+--------+--------+--------+-----+--------+

Top non-repeatable levels by time:
     D:3: 1520 daAuts
     D:2: 1104 daAuts
     D:4: 1026 daAuts
     D:5: 1026 daAuts
     D:1: 981 daAuts
     D:6: 861 daAuts
  Temple: 149 daAuts
     D:7: 13 daAuts
